 Dungeon Crawl Stone Soup version 0.27-a0-909-g0721f309d1 (webtiles) character file.

Game seed: 17885212886782042668

34 CovertPenguin the Ruffian (level 3, -1/31 HPs)
             Began as a Ghoul Monk on Apr 8, 2021.
             Was a Believer of Wu Jian.
             Slain by a gnoll
             ... wielding a +0 club
              (5 damage)
             ... on level 2 of the Dungeon.
             The game lasted 00:01:28 (1073 turns).

CovertPenguin the Ruffian (Ghoul Monk)              Turns: 1073, Time: 00:01:28

Health: -1/31      AC:  7    Str: 14    XL:     3   Next: 31%
Magic:  2/2        EV: 11    Int:  5    God:    Wu Jian [**....]
Gold:   38         SH:  0    Dex: 12    Spells: 2/2 levels left

rFire    . . .     SeeInvis .     - Unarmed
rCold    + + .     Faith    .   (no shield)
rNeg     + + +     Spirit   .   e - +1 ring mail {rC+}
rPois    ∞         Reflect  .   (no helmet)
rElec    .         Harm     .   c - +0 cloak
rCorr    .         Rampage  .   (no gloves)
Will     .....                  (no boots)
Stlth    +.........             (no amulet)
HPRegen  0.00/turn              (no ring)
MPRegen  0.08/turn              (no ring)

@: no status effects
A: claws 1, cold resistance 1, negative energy resistance 3, inhibited
regeneration, torment resistance 2, unbreathing 1
a: Renounce Religion, Wall Jump


You were on level 2 of the Dungeon.
You worshipped Wu Jian.
Wu Jian was pleased with you.
You visited 1 branch of the dungeon, and saw 2 of its levels.

You collected 38 gold pieces.

Inventory:

Armour
 a - a +0 robe
 c - a +0 cloak (worn)
   (You found it on level 1 of the Dungeon)
 e - a +1 ring mail of cold resistance (worn)
   (You found it on level 1 of the Dungeon)
Scrolls
 b - a scroll of identify {unknown}
 g - a scroll of magic mapping {unknown}
Potions
 d - a potion of berserk rage {unknown}
 f - a potion of cancellation {unknown}


   Skills:
 - Level 3.2 Fighting
 - Level 2.6 Dodging
 - Level 2.1 Stealth
 * Level 4.7 Unarmed Combat


You had 2 spell levels left.
You didn't know any spells.
Your spell library contained the following spells:

 Spells                   Type           Power      Damage    Failure   Level
 Magic Dart               Conj           0%         1d3       73%         1
 Blink                    Tloc           N/A        N/A       86%         2
 Call Imp                 Summ           0%         N/A       86%         2
 Slow                     Hex            0%         N/A       86%         2
 Conjure Flame            Conj/Fire      0%         6-21      97%         3
 Mephitic Cloud           Conj/Pois/Air  0%         N/A       97%         3


Dungeon Overview and Level Annotations

Branches:
Dungeon (2/15)

Altars:
Wu Jian


Innate Abilities, Weirdness & Mutations

You thrive by killing the living.
You are immune to poison.
You have sharp fingernails.
Your flesh is cold resistant. (rC+)
You are immune to negative energy. (rN+++)
You do not regenerate when monsters are visible.
You are immune to unholy pain and torment.
You can survive without breathing.


Message History

You lunge at the worm.
You scratch the worm. The worm closely misses you.
You scratch the worm. You scratch the worm but do no damage.
The worm bites you.
You scratch the worm. You claw the worm!
You kill the worm!
The Council accepts your kill.
You have reached level 3!
Your experience leads to an increase in your attributes!
Increase (S)trength, (I)ntelligence, or (D)exterity?
You feel agile.
You see here a worm corpse.
Found a whip.
You see here a +0 whip. 3 gnolls come into view.
The gnoll shouts!
The gnoll misses you.
The gnoll shouts!
You scratch the gnoll.
A gnoll comes into view. It is wielding a +0 flail.
The gnoll misses you.
You barely miss the gnoll. The gnoll hits you with a +0 spear.
The gnoll shouts!
You claw the gnoll! The gnoll hits you with a +0 spear.
You scratch the gnoll.
You kill the gnoll!
The Council accepts your kill.
You lunge at the gnoll.
You scratch the gnoll but do no damage. The gnoll barely misses you.
Found an escape hatch in the ceiling.
Things that are here:
a +0 spear; a gnoll corpse You closely miss the gnoll.
You barely miss the gnoll. The gnoll hits you with a +0 club.
You closely miss the gnoll. The gnoll hits you with a +0 flail.
* * * LOW HITPOINT WARNING * * *
The gnoll hits you with a +0 club.
* * * LOW HITPOINT WARNING * * *
The gnoll barely misses you.
You see here a +0 whip.
You repeatedly attack the gnoll from above.
You claw the gnoll!
You scratch the gnoll but do no damage. x2
You repeatedly attack the gnoll from above.
You barely miss the gnoll. You scratch the gnoll.
The gnoll closely misses you. x2
The gnoll hits you with a +0 club.
* * * LOW HITPOINT WARNING * * *
The gnoll hits you with a +0 flail.
* * * LOW HITPOINT WARNING * * *
You barely miss the gnoll. The gnoll hits you with a +0 club.
You die...

#. #####)#
#.# #g# #.#
#g# #g# #.#
#####.#######
#.g@gg.......
#†###.#######
# #.###.#
....###.....#
#......####
######.# #)#
#.# #.#
##########


You could see 3 gnolls.

Vanquished Creatures
  A gnoll (D:2)
  A worm (D:2)
  5 hobgoblins (D:1)
  3 jackals (D:1)
  A bat (D:1)
  2 frilled lizards (D:1)
  4 goblins (D:1)
  2 kobolds (D:1)
  A rat (D:1)
20 creatures vanquished.

Notes
Turn   | Place    | Note
-------+----------+-------------------------------------------
     0 | D:1      | CovertPenguin the Ghoul Monk began the quest for the Orb.
     0 | D:1      | Reached XP level 1. HP: 19/19 MP: 0/0
   161 | D:1      | Reached XP level 2. HP: 17/26 MP: 1/1
   294 | D:1      | Reached skill level 4 in Unarmed Combat
   468 | D:1      | Found an ornate altar of the Wu Jian Council.
   477 | D:1      | Became a worshipper of the Wu Jian Council
   477 | D:1      | Reached * piety under Wu Jian
   477 | D:1      | Reached ** piety under Wu Jian
   996 | D:2      | Reached XP level 3. HP: 29/31 MP: 2/2
  1073 | D:2      | Slain by a gnoll

Illustrated notes

Levels and vault maps discovered:
D:1:      dpeg_arrival_concentric_ovals, layout_basic, kennysheep_flooded_box
D:2:      layout_loops_ring

Skill      XL: |  1  2 |
---------------+-------+-----
Unarmed Combat | 4 |  4.7
Fighting       | |  3.2
Dodging        | |  2.6
Stealth        | |  2.1

Action                   || total
-------------------------++-------
Melee: Unarmed           ||    67
       Punch             ||     1
Invok: Lunge             ||     3
 Abil: Wall Jump         ||     1
 Stab: Sleeping          ||     1
Armor: Robe              ||     3
       Ring mail         ||     5
Dodge: Dodged            ||    36

Table legend: (Time is in decaauts)
 A = Elapsed time spent in this place.
 B = Non-inter-level travel time spent in this place.
 C = Inter-level travel time spent in this place.
 D = Time resting spent in this place.
 E = Time spent auto-exploring this place.
 F = Levels seen in this place.
 G = Mean time per level.
                   A        B        C        D        E       F      G
               +--------+--------+--------+--------+--------+-----+--------+
         Total |   1069 |   1035 |     34 |      0 |    858 |   2 |  534.5 |
       Dungeon |   1069 |   1035 |     34 |      0 |    858 |   2 |  534.5 |
               +--------+--------+--------+--------+--------+-----+--------+

Top non-repeatable levels by time:
     D:1: 950 daAuts
     D:2: 118 daAuts
